 Dungeon Crawl Stone Soup version 0.23.2-40-g277498a001 (webtiles) character file.

Game seed: 16566852754363410081

1104 Descartes the Skirmisher (level 8, -3/64 HPs)
             Began as a Formicid Abyssal Knight on Sept 25, 2019.
             Was a Priest of Lugonu.
             Slain by an ogre
             ... wielding a +0 giant spiked club
              (4 damage)
             ... on level 6 of the Dungeon.
             The game lasted 00:08:43 (3893 turns).

Descartes the Skirmisher (Formicid Abyssal Knight)  Turns: 3893, Time: 00:08:44

Health: -3/64      AC: 11    Str: 18    XL:     8   Next: 58%
Magic:  11/11      EV:  8    Int: 13    God:    Lugonu [***...]
Gold:   196        SH:  0    Dex: 10    Spells: 7/7 levels left

rFire    . . .     SeeInvis +   a - +1 hand axe
rCold    . . .     Gourm    .   (no shield)
rNeg     . . .     Faith    .   i - +0 chain mail
rPois    .         Spirit   .   (helmet unavailable)
rElec    .         Reflect  .   (no cloak)
rCorr    .         Harm     .   (no gloves)
MR       .....                  n - +0 pair of boots
Stlth    ..........             (no amulet)
HPRegen  0.20/turn              (no ring)
MPRegen  0.12/turn              (no ring)

@: no status effects
A: permanent stasis, dig shafts and tunnels, four strong arms, antennae 3
a: Dig, Shaft Self, Depart the Abyss, Bend Space, Banish, Renounce Religion


You were on level 6 of the Dungeon.
You worshipped Lugonu.
Lugonu was most pleased with you.
You were very hungry.

You visited 2 branches of the dungeon, and saw 7 of its levels.
You visited the Abyss 1 time.

You collected 196 gold pieces.

Inventory:

Hand Weapons
 a - a +1 hand axe (weapon)
Missiles
 e - 3 tomahawks (quivered)
 f - 245 stones
Armour
 i - a +0 chain mail (worn)
 n - a +0 pair of boots (worn)
Jewellery
 r - an uncursed ring of magical power {unknown}
Scrolls
 d - 2 scrolls of remove curse
 j - a scroll of blinking {unknown}
 k - 5 scrolls of identify
 t - a scroll of teleportation
Potions
 g - 2 potions of brilliance
 h - a potion of degeneration {unknown}
 l - a potion of lignification
 o - 2 potions of cancellation
 p - a potion of resistance {unknown}
 q - 2 potions of heal wounds {unknown}
 s - a potion of might
Comestibles
 c - 11 rations


   Skills:
 + Level 5.8 Fighting
 + Level 4.8 Axes
 + Level 5.1 Armour
 + Level 3.6 Dodging
 + Level 5.3 Invocations


You had 7 spell levels left.
You didn't know any spells.
Your spell library was empty.

Dungeon Overview and Level Annotations

Branches:
Dungeon (6/15)             Temple (1/1) D:4

Altars:
Cheibriados
Elyvilon
Fedhas
Gozag
Hepliaklqana
Kikubaaqudgha
Nemelex Xobeh
Okawaru
Qazlal
Ru
Sif Muna
Trog
Vehumet
Wu Jian
Xom
Yredelemnul
Zin

Annotations:
D:3 Sigmund
D:5 Menkaure


Innate Abilities, Weirdness & Mutations

You cannot be hasted, slowed, berserked, paralysed or teleported.
You can dig through walls and to a lower floor.
Your four strong arms can wield two-handed weapons with a shield.
You have a pair of large antennae on your head. (SInv)


Message History

The ogre hits you with a +0 giant spiked club!!
You hit the ogre.
The ogre is moderately wounded.
You closely miss the ogre.
The ogre is moderately wounded.
The ogre hits you with a +0 giant spiked club!
You are too injured to fight recklessly!
You slash the ogre!
The ogre is heavily wounded.
The ogre completely misses you.
You hit the ogre but do no damage.
The ogre is heavily wounded.
The ogre hits you with a +0 giant spiked club!!
* * * LOW HITPOINT WARNING * * *
You hit the ogre.
The ogre is severely wounded.
You hit the ogre.
The ogre is almost dead.
The ogre hits you with a +0 giant spiked club.
You die...

#...# #.#.# ..♣P♣♣
##.#.# ...PPP #
{#....# ...P♣
#.#+#....##.....
###..........#...
.......<......#
..............####
....#+#.....@O...#
.>............$.....
. .##.#........#.###
#.#+##.##...... .
... ....... ..
.....?...... ..
.............
.........#....


You could see an ogre.

Vanquished Creatures
  Pikel (D:5)
  Grinder (D:2)
  Duvessa (D:5)
  A slave (D:5)
  A scorpion (D:4)
  Dowan (D:5)
  2 howler monkeys
  Jessica (D:3)
  2 orc wizards (D:5)
  A worker ant (D:4)
  Robin (D:2)
  4 adders
  A shadow imp (D:5)
  2 oozes
  An adder skeleton (D:6)
  2 worms
  A dart slug (D:1)
  3 leopard geckos
  6 orcs
  5 bats
  3 giant cockroaches
  8 hobgoblins
  11 jackals
  3 quokkas
  2 ball pythons
  4 frilled lizards
  13 goblins
  7 kobolds
  5 rats
94 creatures vanquished.

Vanquished Creatures (others)
  An orc (D:5)
  A jackal (D:5)
2 creatures vanquished.

Grand Total: 96 creatures vanquished

Notes
Turn   | Place    | Note
-------+----------+-------------------------------------------
     0 | Abyss:1  | Descartes the Formicid Abyssal Knight began the quest for
                  | the Orb.
     0 | Abyss:1  | Reached XP level 1. HP: 18/18 MP: 2/2
    68 | Abyss:1  | Noticed a bone dragon
    70 | D:1      | Escaped the Abyss
   147 | D:1      | Reached XP level 2. HP: 17/24 MP: 3/3
   264 | D:1      | Reached * piety under Lugonu
   948 | D:1      | Reached XP level 3. HP: 28/30 MP: 4/4
  1292 | D:2      | Reached skill level 1 in Dodging
  1534 | D:2      | Found a hazy altar of Hepliaklqana.
  1634 | D:3      | Reached XP level 4. HP: 33/37 MP: 5/5
  1670 | D:3      | Noticed Sigmund
  1716 | D:3      | Noticed Grinder
  1742 | D:2      | Killed Grinder
  1742 | D:2      | Reached ** piety under Lugonu
  1742 | D:2      | Reached XP level 5. HP: 35/43 MP: 5/7
  1742 | D:2      | Reached XP level 6. HP: 40/49 MP: 5/8
  1909 | D:3      | Found a shimmering altar of Xom.
  1909 | D:3      | Found a glowing silver altar of Zin.
  1909 | D:3      | Noticed an angel
  1949 | D:3      | Noticed Robin
  2059 | D:2      | Killed Robin
  2178 | D:3      | Found a bloodstained altar of Trog.
  2278 | D:3      | Noticed Jessica
  2286 | D:3      | Killed Jessica
  2513 | D:4      | Reached XP level 7. HP: 53/55 MP: 9/9
  2726 | D:4      | Found a staircase to the Ecumenical Temple.
  2967 | Temple   | Entered the Ecumenical Temple
  3163 | D:5      | Entered Level 5 of the Dungeon
  3163 | D:5      | Found a snail-covered altar of Cheibriados.
  3172 | D:5      | Noticed Pikel
  3211 | D:5      | Reached skill level 5 in Fighting
  3228 | D:5      | Killed Pikel
  3228 | D:5      | Reached skill level 5 in Invocations
  3228 | D:5      | Reached XP level 8. HP: 33/63 MP: 11/11
  3320 | D:5      | Noticed Dowan
  3321 | D:5      | Noticed Duvessa
  3376 | D:5      | Killed Dowan
  3376 | D:5      | Reached skill level 5 in Armour
  3510 | D:5      | Reached *** piety under Lugonu
  3551 | D:5      | Noticed Menkaure
  3593 | D:5      | Killed Duvessa
  3891 | D:6      | HP: 1/64 [ogre/+0 giant spiked club (21)]
  3893 | D:6      | Slain by an ogre

Skill      XL: |  1  2  3  4  5  6  7  8 |
---------------+-------------------------+-----
Dodging        | 1 2 3 |  3.6
Fighting       | 4 5 |  5.8
Axes           | 3 4 |  4.8
Armour         | 3 4 5 |  5.1
Invocations    | 3 5 |  5.3

Action                   |  1- 3 |  4- 6 |  7- 9 || total
-------------------------+-------+-------+-------++-------
Melee: Hand axe          |   119 |   125 |   123 ||   367
Throw: Tomahawk          |       |       |     5 ||     5
Invok: Depart the Abyss  |     1 |       |       ||     1
 Abil: Dig               |       |     1 |       ||     1
  Use: Potion            |       |     4 |     1 ||     5
       Scroll            |       |       |     6 ||     6
  Eat: Chunk             |     2 |     3 |     4 ||     9
Armor: Leather armour    |     6 |       |       ||     6
       Chain mail        |    74 |    89 |    66 ||   229
       Skin              |       |    15 |       ||    15
Dodge: Dodged            |    46 |    78 |    60 ||   184
